 Dungeon Crawl Stone Soup version 0.29.1-12-g30fa7ad0bf (webtiles) character file.

Game seed: 9514971028922397358

18 H0rd4k the Charlatan (level 2, 0/18 HPs)
             Began as an Octopode Artificer on Dec 22, 2022.
             Slain by a worm (8 damage)
             ... on level 2 of the Dungeon.
             The game lasted 00:00:33 (1289 turns).

H0rd4k the Charlatan (Octopode Artificer)           Turns: 1289, Time: 00:00:34

Health: 0/18       AC:  1    Str: 11    XL:     2   Next: 66%
Magic:  4/4        EV: 13    Int: 13    God:
Gold:   29         SH:  0    Dex: 12    Spells: 3/3 levels left

rFire   . . .      SeeInvis .   (no weapon)
rCold   . . .      Faith    .   (no shield)
rNeg    . . .      Spirit   .   (helmet restricted)
rPois   .          Reflect  .   e - amulet of magic regeneration
rElec   .          Harm     .   (no ring)
rCorr   .          Rampage  .   (no ring)
Will    .....                   (no ring)
Stlth   +++.......              (no ring)
HPRegen 0.06/turn               (no ring)
MPRegen 0.49/turn               (no ring)
                                (no ring)
                                (no ring)

@: no status effects
A: almost no armour, amphibious, 8 rings, camouflage 1, gelatinous body 1,
(nimble swimmer 1), tentacles
a: no special abilities


You were on level 2 of the Dungeon.
You visited 1 branch of the dungeon, and saw 2 of its levels.

You collected 29 gold pieces.

Inventory:

Missiles
 f - a throwing net
Jewellery
 e - an amulet of magic regeneration (around mantle)
Wands
 b - a wand of flame (15) (quivered)
 c - a wand of charming (15)
 d - a wand of iceblast (5)
Scrolls
 a - a scroll of identify {unknown}
Potions
 g - a potion of brilliance {unknown}


   Skills:
 * Level 1.6 Fighting
 - Level 2.3 Dodging
 - Level 1.3 Stealth
 + Level 0.3 Unarmed Combat
 * Level 1.3 Spellcasting
 - Level 3.2 Evocations


You had 3 spell levels left.
You didn't know any spells.
Your spell library contained the following spells:

 Spells                   Type           Power      Damage    Failure   Level
 Ensorcelled Hibernation  Hex/Ice        0%         N/A       38%         2
 Spider Form              Tmut/Pois      0%         N/A       63%         3
 Anguish                  Hex/Necr       0%         N/A       95%         4


Dungeon Overview and Level Annotations

Branches:
Dungeon (2/15)

Altars:


Innate Abilities, Weirdness & Mutations

You cannot wear most types of armour.
You are amphibious.
You can wear up to eight rings at the same time.
Your skin changes colour to match your surroundings (Stealth+).
Your rubbery body absorbs attacks. (AC +1, EV +1)
((You are camouflaged when in or above water. (Stealth+)))
You have tentacles for arms and can constrict up to eight enemies at once.


Message History

There is an open door here.
There is a stone staircase leading down here.
There is an open door here.
You open the door.
There is an open door here.
There is an open door here.
There is an open door here.
Done exploring.
Done exploring.
No target in view!
Done exploring.
No target in view!
No target in view!
Done exploring.
Done exploring.
No target in view!
Done exploring.
No target in view!
(D) Dungeon
Where to? (? - help)
There is a stone staircase leading down here.
You climb downwards.
There is a stone staircase leading up here.
A worm comes into view.
Found a stone staircase leading up.
A worm is nearby!
A worm is nearby!
A rat comes into view.
The worm bites you!
Ouch! That really hurt!
There are monsters nearby!
You are too injured to fight recklessly!
You are too injured to fight recklessly!
You tentacle-slap the worm. You grab the worm.
The worm is lightly wounded.
You constrict the worm. You tentacle-slap the worm.
The worm is moderately wounded.
You constrict the worm. The worm bites you!
You die...

... .. #.## #..#
#<## ##
#..#######...
##.........##.
#..##...#..<..
.....##.@....r..
...###..#..w....#.
#. ##...#.###... #
#...#.# #. #...#..
...###.# #### ##


You could see a worm and a rat.

Vanquished Creatures
  A bat (D:1)
  3 endoplasms (D:1)
  A giant cockroach (D:1)
  2 goblins (D:1)
  A hobgoblin (D:1)
  2 kobolds (D:1)
  2 quokkas (D:1)
  A ball python (D:1)
  3 frilled lizards (D:1)
16 creatures vanquished.

Notes
Turn   | Place    | Note
-------+----------+-------------------------------------------
     0 | D:1      | H0rd4k the Octopode Artificer began the quest for the Orb.
     0 | D:1      | Reached XP level 1. HP: 13/13 MP: 1/1
   383 | D:1      | Reached skill level 1 in Spellcasting
   397 | D:1      | Reached XP level 2. HP: 18/18 MP: 3/3
  1046 | D:1      | Found a faded altar of an unknown god.
  1289 | D:2      | Slain by a worm

Illustrated notes

Levels and vault maps discovered:
D:1:      dpeg_arrival_tiny_k, layout_loops_corners,
          dreamdust_ecumenical_altar_angels_and_demons, moated_statue,
          minmay_misc_feat_alley, minmay_misc_feat_nine_boxes
D:2:      wad_lake_hut, layout_rooms

Skill      XL: |  1 |
---------------+----+-----
Spellcasting   | 1 |  1.3
Fighting       | |  1.6
Dodging        | |  2.3
Stealth        | |  1.3
Unarmed Combat | |  0.3
Evocations     | |  3.2

Action                   || total
-------------------------++-------
Melee: Unarmed           ||    40
       Constrict         ||    12
       Tentacles         ||    10
       Punch             ||     2
 Stab: Sleeping          ||     6
Armor: Skin              ||     2
Dodge: Dodged            ||    19
